Map: Eternal Empire LE

Players

soO

  • Race: Zerg Zerg
  • Spawn Location: 1:00

INnoVation - Winner!

  • Race: Terran Terran
  • League: Master
  • Spawn Location: 7:00

Event: StayAtHomestory Cup #1

VOD

Have the link to the VOD?

Description

Time

  • Played on: April 10, 2020, 7:58 a.m.
  • Length: 7:00

All games in this series

Show
View Real Time Build Order
Export as new Build Order

soO Zerg 

Build Orders: Hatch First 

Get SALT Encoding   

  12  0:00  Drone  
  13  0:12  Overlord  
  13  0:17  Drone  
  14  0:31  Drone x2  
  16  0:48  Hatchery  
  15  0:51  Drone  
  15  0:55  Drone  
  17  0:58  Drone  
  18  1:09  Extractor  
  17  1:13  Spawning Pool  
  17  1:16  Drone  
  17  1:20  Drone  
  18  1:29  Drone  
  19  1:38  Drone  
  20  1:49  Overlord  
  20  2:00  Queen x2  
  24  2:02  Zergling x2  
  25  2:10  Zergling x2  
  25  2:13  Metabolic Boost  
  28  2:22  Zergling x4  
  28  2:23  Zergling x4  
  30  2:32  Zergling x2  
  30  2:35  Zergling x2, Queen  
  30  3:04  Drone x2  
  30  3:05  Drone x3  
  34  3:13  Queen  
  34  3:15  Overlord  
  36  3:25  Overlord  
  36  3:27  Overlord  
  36  3:44  Zergling x16  
  44  3:53  Drone  
  45  3:55  Drone  
  45  4:02  Drone  
  47  4:05  Hatchery  
  46  4:10  Drone  
  46  4:15  Drone  
  46  4:16  Queen  
  50  4:19  Drone  
  50  4:22  Drone  
  50  4:24  Overlord  
  52  4:34  Baneling Nest  
  52  4:36  Spine Crawler, Queen  
  52  4:38  Overlord  
  52  4:43  Zergling x4  
  54  4:48  Drone x2  
  56  4:54  Queen  
  56  4:57  Drone  
  59  5:04  Drone x3  
  62  5:20  Queen, Drone x2  
  62  5:21  Drone x5  
  70  5:22  Baneling  
  70  5:26  Baneling x4  
  70  5:32  Baneling x3  
  68  5:36  Zergling x2  
  68  5:37  Zergling x8  
  68  5:41  Zergling x2  
  60  5:44  Zergling x2  
  60  5:45  Zergling x4  
  60  5:46  Zergling x4  
  59  5:51  Zergling x4  
  58  5:58  Zergling x2  
  58  5:59  Zergling x2  
  58  6:00  Zergling x2  
  58  6:02  Zergling x2  
  58  6:03  Queen  
  57  6:09  Zergling x2  
  57  6:11  Zergling x4  
  53  6:15  Baneling  
  53  6:16  Baneling  
  51  6:21  Zergling x10  
  51  6:23  Baneling x3  
Show
View Real Time Build Order
Export as new Build Order

INnoVation Terran - Winner!

Build Orders:  

Get SALT Encoding   

  12  0:00  SCV  
  13  0:12  SCV  
  14  0:17  Supply Depot  
  14  0:25  SCV  
  15  0:40  Barracks  
  15  0:53  SCV  
  15  0:54  Barracks  
  16  1:00  Refinery  
  16  1:05  SCV  
  17  1:17  SCV  
  18  1:28  Marine  
  18  1:29  Orbital Command  
  19  1:38  Supply Depot  
  19  1:41  Marine  
  19  1:45  Marine  
  21  1:50  Bunker  
  21  2:01  Marine  
  22  2:03  Marine  
  22  2:06  Bunker  
  23  2:16  Factory  
  23  2:19  SCV  
  24  2:23  Marine  
  24  2:25  Marine  
  26  2:32  Bunker  
  26  2:33  SCV  
  27  2:41  Marine  
  27  2:42  Supply Depot  
  28  2:46  Marine  
  30  2:51  SCV  
  27  2:59  Marine  
  27  3:03  SCV  
  27  3:04  Marine  
  28  3:07  Factory Reactor  
  28  3:08  Starport  
  28  3:15  SCV  
  28  3:17  Marine  
  30  3:21  Marine  
  31  3:27  SCV  
  31  3:31  Supply Depot  
  32  3:36  Marine  
  35  3:45  Hellion x2  
  35  3:47  Medivac  
  39  3:52  Marine  
  39  3:53  Marine  
  39  3:54  Supply Depot  
  41  4:06  Hellion x2  
  45  4:12  Marine x2  
  47  4:21  Supply Depot  
  47  4:28  Armory  
  47  4:33  Hellion  
  47  4:37  Hellion  
  51  4:43  Marine x2  
  53  4:53  Supply Depot  
  53  4:58  Hellion  
  53  4:59  Hellion  
  57  5:04  Marine x2  
  61  5:14  Liberator  
  61  5:21  Hellion  
  64  5:22  Hellion  
  64  5:25  Marine  
  63  5:42  Hellion  
  57  5:43  Hellion  
  57  5:46  Marine x2  
  57  5:49  SCV  
  52  6:03  Medivac, Hellion  
  56  6:04  Hellion  
  56  6:12  Marine x2  
  54  6:20  SCV  
  54  6:25  Hellion  
  57  6:26  Hellion  
  58  6:33  Marine  
  58  6:34  Marine  
Tags
 
Add a new tag
Caveats
  • Supply blocks, unpowered buildings, or Contaminate may cause inaccurate times.
  • Supply counts are checked every 10 seconds.